 Dungeon Crawl Stone Soup version 0.24-a0-458-gfcb5e6da0e (webtiles) character file.

Game seed: 3894788329764043234

11544 nikopol the Thaumaturge (level 11, -5/55 HPs)
             Began as a Deep Elf Fire Elementalist on June 27, 2019.
             Was an Elder of Vehumet.
             Slain by a wolf (9 damage)
             ... on level 1 of the Lair of Beasts.
             The game lasted 00:30:18 (10973 turns).

nikopol the Thaumaturge (DEFE)                     Turns: 10973, Time: 00:30:19

Health: -5/55      AC:  6    Str:  5    XL:     11   Next: 50%
Magic:  6/30       EV: 18    Int: 24    God:    Vehumet [****..]
Gold:   598        SH:  7    Dex: 15    Spells: 18/37 levels left

rFire    . . .     SeeInvis .   D - +3 short sword (curse)
rCold    . . .     Gourm    .   H - +2 buckler
rNeg     . . .     Faith    .   a - +0 robe
rPois    .         Spirit   .   G - +0 helmet
rElec    .         Reflect  .   g - +2 cloak
rCorr    .         Harm     .   (no gloves)
MR       +....                  (no boots)
Stlth    +++.......             F - amulet of regeneration
HPRegen  0.58/turn              w - +3 ring of evasion
MPRegen  0.22/turn              (no ring)

@: lethally poisoned (-5 -> -9), marked, slowed, very slow
A: no striking features
a: Renounce Religion


You were on level 1 of the Lair of Beasts.
You worshipped Vehumet.
Vehumet was greatly pleased with you.
You were not hungry.

You visited 2 branches of the dungeon, and saw 11 of its levels.

You collected 598 gold pieces.

Inventory:

Hand Weapons
 D - a cursed +3 short sword (weapon)
Armour
 a - a +0 robe (worn)
 g - a +2 cloak (worn)
 G - a +0 helmet (worn)
 H - a +2 buckler (worn)
Jewellery
 j - an uncursed ring of stealth
 m - an uncursed ring of ice
 w - a +3 ring of evasion (left hand)
 F - an amulet of regeneration (around neck)
 I - a +5 ring of intelligence {unknown}
 J - a +2 ring of dexterity
Wands
 u - a wand of digging (4)
 v - a wand of acid (17)
 y - a wand of random effects (15)
 z - a wand of paralysis (7)
 A - a wand of flame (24)
Scrolls
 f - a scroll of identify
 i - a scroll of random uselessness {unknown}
 l - 5 scrolls of teleportation
 n - 6 scrolls of remove curse
 q - 2 scrolls of magic mapping
 s - a scroll of brand weapon {unknown}
 t - 2 scrolls of blinking {unknown}
 x - 3 scrolls of enchant weapon {unknown}
 B - 3 scrolls of amnesia {unknown}
 C - 3 scrolls of immolation {unknown}
 E - 2 scrolls of summoning
Potions
 b - 6 potions of might
 d - 2 potions of agility
 e - 4 potions of curing
 h - 5 potions of heal wounds
 k - 4 potions of flight
 o - a potion of brilliance
 p - a potion of resistance
 r - 2 potions of ambrosia
Comestibles
 c - 27 rations


   Skills:
 + Level 0.7 Fighting
 + Level 5.3 Dodging
 + Level 5.8 Stealth
 * Level 3.9 Shields
 + Level 13.5 Spellcasting
 + Level 10.5 Conjurations
 + Level 0.5 Translocations
 + Level 10.2 Fire Magic


You had 18 spell levels left.
You knew the following spells:

 Your Spells              Type           Power        Failure   Level  Hunger
a - Flame Tongue          Conj/Fire      #####        1%          1    None
b - Throw Flame           Conj/Fire      ######       1%          2    None
c - Conjure Flame         Conj/Fire      ######..     1%          3    None
d - Sticky Flame          Conj/Fire      ######..     1%          4    None
e - Fireball              Conj/Fire      ######....   1%          5    ###....
f - Force Lance           Conj/Tloc      #####...     1%          4    None

Your spell library contained the following spells:

 Spells                   Type           Power        Failure   Level  Hunger
 Stone Arrow              Conj/Erth      #####.       1%          3    None
 Magic Dart               Conj           ####         1%          1    None
 Searing Ray              Conj           ######       1%          2    None
 Dazzling Spray           Conj/Hex       #####.       1%          3    None
 Inner Flame              Hex/Fire       #####...     1%          3    None
 Fulminant Prism          Conj/Hex       #####.....   1%          4    None
 Iskenderun's Mystic Bla  Conj           ######..     1%          4    None
 Beastly Appendage        Tmut           ###...       3%          1    None
 Sticks to Snakes         Tmut           ###.....     5%          2    None
 Spider Form              Tmut/Pois      ###.......   11%         3    None
 Ice Form                 Ice/Tmut       ###.....     36%         4    None
 Blade Hands              Tmut           ###.......   71%         5    ###....


Dungeon Overview and Level Annotations

Branches:
Dungeon (10/15)            Temple (0/1) D:6            Lair (1/6) D:9
    Orc (0/2) D:9

Altars:
Ashenzari
Gozag
Hepliaklqana
Okawaru
Qazlal
Ru
Vehumet
The Shining One

Shops:
D:7 [

Annotations:
D:8 1 runed translucent door
Lair:1 Erica


Message History

A yak comes into view.
The wolf misses you.
Erica screams, "Die!"
The wolf bites you.
A yak comes into view.
Erica points at you and mumbles some strange words.
You feel yourself slow down. The wolf bites you. The wolf misses you.
Erica casts a spell at you. The bolt of poison hits you!!
You are poisoned.
Ouch! That really hurt!
* * * LOW HITPOINT WARNING * * *
The wolf bites you.
* * * LOW HITPOINT WARNING * * *
The yak completely misses you.
A yak comes into view.
* * * LOW HITPOINT WARNING * * *
You feel sick. The wolf bites you!
You die...

###...## ##......###
###.#P..P# ##..#.####
#........# #........#
.^....@..# #........#
.........# #........##
#>.......# #......>..#
#........###........##
#.......†.##Y.......P#
#.......@hY†(.......##
#........#Y#........#
#........#.#........##
.#.#.####.............
#..# ##.#........##
##. #######....# .
....# ###.# +#


You could see Erica, 3 yaks and a wolf.

Vanquished Creatures
  5 two-headed ogres
  A spiny frog (Lair:1)
  A komodo dragon (D:9)
  A queen bee (D:10)
  A troll (D:10)
  A hippogriff (D:10)
  Sigmund (D:2)
  Eustachio (D:6)
  3 yaks (Lair:1)
  A hungry ghost (D:10)
  Menkaure (D:6)
  Edmund (D:4)
  A necrophage (D:7)
  2 sky beasts
  2 phantoms
  An ice beast (D:7)
  4 orc warriors (D:9)
  5 wolves (Lair:1)
  2 centaurs
  5 ogres
  The ghost of Azzok the Digger, an amateur GnEE (D:3)
  2 bullfrogs
  A wyvern skeleton (D:9)
  A water moccasin zombie (D:8)
  7 scorpions
  39 killer bees
  5 wights (D:6)
  2 howler monkeys
  A crimson imp (D:10)
  2 bullfrog zombies
  5 hounds
  A quasit (D:7)
  A jelly (D:5)
  6 orc priests
  3 centaur skeletons
  4 bullfrog skeletons
  Terence (D:2)
  4 iguanas
  9 orc wizards
  5 worker ants
  A hound zombie (D:7)
  2 howler monkey skeletons (D:4)
  A worker ant zombie (D:6)
  A gnoll (D:2)
  19 adders
  2 shadow imps (D:10)
  A white imp (D:6)
  2 adder skeletons (D:4)
  6 dart slugs
  4 worms
  4 leopard geckos
  31 orcs
  2 ball pythons
  3 giant cockroaches
  6 hobgoblins
  5 jackals
  9 kobolds
  5 quokkas
  12 bats
  5 frilled lizards
  2 giant cockroach zombies
  13 goblins
  3 hobgoblin zombies (D:6)
  A jackal zombie (D:7)
  2 kobold skeletons (D:6)
  A leopard gecko skeleton (D:6)
  An orc skeleton (D:6)
  An orc zombie (D:6)
  A quokka skeleton (D:9)
  8 rats
294 creatures vanquished.

Vanquished Creatures (others)
  2 fungi (Lair:1)
  3 plants (D:9)
5 creatures vanquished.

Grand Total: 299 creatures vanquished

Notes
Turn   | Place    | Note
-------+----------+-------------------------------------------
     0 | D:1      | nikopol the Deep Elf Fire Elementalist began the quest for
                  | the Orb.
     0 | D:1      | Reached XP level 1. HP: 10/10 MP: 6/6
    35 | D:1      | Found an iron altar of Okawaru.
   146 | D:1      | Reached XP level 2. HP: 15/15 MP: 1/8
   545 | D:1      | Reached skill level 4 in Spellcasting
   924 | D:2      | Reached XP level 3. HP: 14/19 MP: 3/10
   981 | D:2      | Learned a level 2 spell: Throw Flame
   985 | D:2      | Learned a level 3 spell: Conjure Flame
  1217 | D:2      | Noticed Sigmund
  1230 | D:2      | Killed Sigmund
  1230 | D:2      | Reached skill level 5 in Spellcasting
  1230 | D:2      | Reached XP level 4. HP: 4/24 MP: 0/13
  1230 | D:2      | Reached XP level 5. HP: 5/28 MP: 0/14
  1487 | D:2      | Learned a level 4 spell: Sticky Flame
  1693 | D:2      | Reached XP level 6. HP: 32/32 MP: 11/16
  1845 | D:2      | Learned a level 5 spell: Fireball
  1849 | D:2      | Noticed Terence
  1863 | D:2      | Killed Terence
  2298 | D:3      | Found a runed translucent door.
  2525 | D:3      | Reached skill level 6 in Spellcasting
  2904 | D:3      | Noticed Azzok's ghost (amateur GnEE)
  2919 | D:3      | Reached skill level 5 in Fire Magic
  2931 | D:3      | Killed Azzok's ghost
  2932 | D:3      | HP: 1/32 [poisoned by an adder]
  3414 | D:4      | Reached XP level 7. HP: 36/36 MP: 16/19
  3441 | D:4      | Found a stormy altar of Qazlal.
  3449 | D:4      | Found a hazy altar of Hepliaklqana.
  3450 | D:4      | Found an opulent altar of Gozag.
  3463 | D:4      | Learned a level 4 spell: Force Lance
  3578 | D:4      | Noticed Edmund
  3588 | D:4      | Killed Edmund
  3588 | D:4      | Reached skill level 7 in Spellcasting
  4406 | D:5      | Entered Level 5 of the Dungeon
  4409 | D:5      | Reached XP level 8. HP: 42/42 MP: 17/21
  4715 | D:5      | Found a radiant altar of Vehumet.
  4728 | D:5      | Became a worshipper of Vehumet
  4803 | D:5      | Reached skill level 8 in Spellcasting
  4866 | D:5      | Reached skill level 5 in Conjurations
  5433 | D:6      | Noticed Menkaure
  5437 | D:6      | Killed Menkaure
  5510 | D:6      | Found a sacrificial altar of Ru.
  5545 | D:6      | Reached skill level 9 in Spellcasting
  5627 | D:6      | Found a glowing golden altar of the Shining One.
  5971 | D:6      | Reached * piety under Vehumet
  5971 | D:6      | Offered knowledge of Sandblast by Vehumet.
  5979 | D:6      | Found a staircase to the Ecumenical Temple.
  5984 | D:6      | Reached XP level 9. HP: 46/46 MP: 11/24
  6023 | D:6      | Noticed Eustachio
  6094 | D:6      | Killed Eustachio
  6512 | D:6      | Reached skill level 10 in Spellcasting
  6765 | D:7      | Reached skill level 5 in Stealth
  6777 | D:7      | Noticed a two-headed ogre
  6802 | D:7      | Killed a two-headed ogre
  7001 | D:7      | Found Myutim's Antique Armour Emporium.
  7052 | D:7      | Reached ** piety under Vehumet
  7057 | D:7      | Offered knowledge of Throw Frost by Vehumet.
  7057 | D:7      | Reached skill level 11 in Spellcasting
  7373 | D:7      | Found a shattered altar of Ashenzari.
  8115 | D:8      | Reached XP level 10. HP: 51/51 MP: 20/27
  8368 | D:8      | Found a runed translucent door.
  8368 | D:8      | Noticed a deep troll
  8369 | D:8      | Found the +7 sceptre of Torment {pain, torment}
  8370 | D:8      | Noticed a wolf spider
  8370 | D:8      | Noticed a six-headed hydra
  8370 | D:8      | Noticed a centaur warrior
  8370 | D:8      | Noticed an eight-headed hydra
  8546 | D:9      | Offered knowledge of Ignite Poison by Vehumet.
  8589 | D:9      | Noticed a two-headed ogre
  8762 | D:9      | Killed a two-headed ogre
  8762 | D:9      | Reached skill level 1 in Shields
  8994 | D:9      | Reached *** piety under Vehumet
  9088 | D:9      | Found a staircase to the Lair.
  9094 | D:9      | Reached skill level 5 in Dodging
  9094 | D:9      | Reached skill level 12 in Spellcasting
  9242 | D:9      | Found a staircase to the Orcish Mines.
  9640 | D:10     | Entered Level 10 of the Dungeon
  9644 | D:10     | Noticed a two-headed ogre
  9648 | D:10     | Killed a two-headed ogre
  9648 | D:10     | Offered knowledge of Olgreb's Toxic Radiance by Vehumet.
  9706 | D:10     | Noticed a two-headed ogre
  9713 | D:10     | Killed a two-headed ogre
  9905 | D:10     | Reached XP level 11. HP: 55/55 MP: 10/29
  9908 | D:10     | Reached **** piety under Vehumet
  9911 | D:10     | Offered knowledge of Stone Arrow by Vehumet.
  9920 | D:10     | Reached skill level 10 in Conjurations
  9921 | D:10     | Reached skill level 10 in Fire Magic
 10389 | D:10     | Reached skill level 13 in Spellcasting
 10591 | D:10     | Noticed a two-headed ogre
 10597 | D:10     | Killed a two-headed ogre
 10785 | Lair:1   | Entered Level 1 of the Lair of Beasts
 10968 | Lair:1   | Noticed Erica
 10973 | Lair:1   | Slain by a wolf

Levels and vault maps discovered:
D:1:      lightli_arrival_lavapool, layout_loops_corners,
          minmay_misc_feat_encased, okawaru_ov_weapons_minmay
D:2:      layout_basic, first_ration, minmay_increasing_density, uniq_sigmund,
          uniq_terence
D:3:      layout_loops_cross, ebering_ghost_sewer_d
D:4:      minmay_evil_eye, layout_basic,
          chequers_temple_overflow_statue_of_worship, kennysheep_mini_moat,
          uniq_edmund
D:5:      layout_rooms, overflow_temple_1_default
D:6:      layout_loops_corners, nicolae_tso_besieged_by_evil,
          lemuel_coloured_pillars_altar, minmay_temple_entry_tees,
          minmay_ogre_servants, uniq_menkaure, uniq_eustachio
D:7:      layout_rooms, evilmike_ruin_ashenzari, serial_shops,
          nicolae_shop_trees
D:8:      minmay_gate_of_8, layout_loops_corners
D:9:      layout_irregular_city, david_lair_shrubbed, david_orc_1_choice
D:10:     layout_roguey [special_room_bee]
Lair:1:   layout_roguey, uniq_erica

Skill      XL: |  1  2  3  4  5  6  7  8  9 10 11 |
---------------+----------------------------------+-----
Spellcasting   | 4 5 6 7 9 11 12 13 | 13.5
Dodging        | 3 4 5 |  5.3
Fire Magic     | 4 5 6 7 8 9 10 | 10.2
Conjurations   | 2 3 4 6 8 9 10 | 10.5
Stealth        | 3 4 5 |  5.8
Shields        | 2 3 |  3.9
Fighting       | |  0.7
Translocations | |  0.5

Action                   |  1- 3 |  4- 6 |  7- 9 | 10-12 || total
-------------------------+-------+-------+-------+-------++-------
Melee: Short sword       |       |     1 |       |       ||     1
 Cast: Flame Tongue      |    73 |    88 |   243 |    78 ||   482
       Conjure Flame     |     1 |     1 |     2 |     5 ||     9
       Sticky Flame      |       |     3 |    30 |    23 ||    56
       Throw Flame       |       |     1 |    17 |     9 ||    27
       Fireball          |       |       |     6 |    44 ||    50
       Force Lance       |       |       |       |     6 ||     6
  Use: Scroll            |       |     4 |     7 |     5 ||    16
       Potion            |       |     1 |       |       ||     1
  Eat: Chunk             |     1 |     4 |    13 |    12 ||    30
       Ration            |       |     1 |     1 |       ||     2
Armor: Robe              |    11 |    19 |    14 |     4 ||    48
Dodge: Dodged            |    31 |    35 |    52 |    30 ||   148
Block: Buckler           |       |       |     2 |    12 ||    14

Table legend:
 A = Non-vault XP
 B = Vault XP
 C = Vault XP percentage of total XP
 D = Non-vault monster count
 E = Vault monster count
 F = Vault count percentage of total count
                 A         B        C        D         E       F
            +---------+---------+-------+---------+---------+-------
      Total |   12372 |    4120 |  25.0 |     221 |      73 |  24.8
            +---------+---------+-------+---------+---------+-------
        D:1 |      35 |       0 |   0.0 |      21 |       0 |   0.0
        D:2 |     110 |     299 |  73.1 |      27 |       9 |  25.0
        D:3 |      70 |     211 |  75.1 |      17 |       3 |  15.0
        D:4 |     416 |     245 |  37.1 |      12 |       7 |  36.8
        D:5 |     621 |       0 |   0.0 |      19 |       0 |   0.0
        D:6 |     913 |     518 |  36.2 |      23 |      19 |  45.2
        D:7 |    1700 |       0 |   0.0 |      25 |       0 |   0.0
        D:8 |     554 |       0 |   0.0 |      12 |       0 |   0.0
        D:9 |    2000 |     982 |  32.9 |      17 |       9 |  34.6
       D:10 |    4376 |    1865 |  29.9 |      39 |      26 |  40.0
     Lair:1 |    1577 |       0 |   0.0 |       9 |       0 |   0.0
            +---------+---------+-------+---------+---------+-------
